 Dungeon Crawl Stone Soup version 0.17-a0-1262-gd250d98 (webtiles) character file.

577 Hanyuu the Insei (level 7, 0/46 HPs)
             Began as an Octopode Transmuter on June 6, 2015.
             Slain by a jelly (2 damage)
             ... on level 5 of the Dungeon.
             The game lasted 00:13:09 (4736 turns).

Hanyuu the Insei (Octopode Transmuter)              Turns: 4736, Time: 00:13:10

Health: 0/46       AC: -3    Str: 12    XL:     7   Next: 35%
Magic:  8/10       EV: 20    Int: 18    God:
Gold:   207        SH:  0    Dex: 17    Spells: 3 memorised, 4 levels left

rFire  . . .     SeeInvis .       - Unarmed
rCold  . . .     Clarity  .     (shield currently unavailable)
rNeg   . . .     SustAt   .     (helmet currently unavailable)
rPois  x         Gourm    .     (no amulet)
rElec  .         Spirit   .     f - +3 ring of strength
rCorr  .         Warding  .     (no ring)
rMut   .         Stasis   .     (no ring)
MR     .....                    (no ring)
Stlth  ++........               (no ring)
                                (no ring)
                                (no ring)
                                (no ring)

@: spider-form (expiring), corroded equipment, very slightly contaminated, not
resistant to hostile enchantments, unstealthy
A: almost no armour, amphibious, 8 rings, (constrict 8), (camouflage 0),
(gelatinous body 0)
a: End Transformation


You were on level 5 of the Dungeon.
You were hungry.
You were a venomous arachnid creature.
You visited 2 branches of the dungeon, and saw 6 of its levels.

You collected 207 gold pieces.

Inventory:

Missiles
 a - 84 arrows
 n - 15 arrows of flame
 u - a tomahawk of returning (quivered)
 y - an exploding tomahawk
Jewellery
 f - a +3 ring of strength (left front leg)
 j - an uncursed amulet of guardian spirit
Magical devices
 h - a wand of draining (11)
 q - a wand of slowing (32)
 v - a wand of digging (4)
 x - a wand of confusion (26)
Scrolls
 e - a scroll of remove curse
 m - a scroll of enchant armour {unknown}
 p - 2 scrolls of teleportation
 r - a scroll of fog {unknown}
 s - a scroll of immolation
 t - a scroll of enchant weapon {unknown}
 C - a scroll of fear {unknown}
Potions
 d - 4 potions of agility
 g - 2 potions of lignification
 l - a potion of haste {unknown}
 o - 3 potions of flight
 w - a potion of poison {unknown}
 z - a potion of cure mutation {unknown}
 A - 2 potions of curing
 B - 3 potions of invisibility
Books
 b - a book of Changes

   Spells                             Type                      Level
   a - Beastly Appendage              Transmutation                1
   b - Sticks to Snakes               Transmutation                2
   c - Spider Form                    Transmutation/Poison         3
   d - Ice Form                       Ice/Transmutation            4
   e - Blade Hands                    Transmutation                5
Comestibles
 c - 2 bread rations
 D - a meat ration


   Skills:
 - Level 3.0 Fighting
 + Level 2.8 Dodging
 * Level 7.1 Unarmed Combat
 - Level 2.0 Spellcasting
 - Level 2.0 Transmutations
 - Level 2.0 Poison Magic


You had 4 spell levels left.
You knew the following spells:

 Your Spells              Type           Power        Failure   Level  Hunger
a - Beastly Appendage     Trmt           #.....       24%         1    #......
b - Sticks to Snakes      Trmt           #.........   28%         2    ###....
c - Spider Form           Trmt/Pois      #.........   45%         3    ###....


Dungeon Overview and Level Annotations

Branches:
Dungeon (5/15)             Temple (1/1) D:4

Altars:
Ashenzari
Cheibriados
Dithmenos
Elyvilon
Kikubaaqudgha
Okawaru
Qazlal
Sif Muna
Trog
Xom
Zin
The Shining One


Innate Abilities, Weirdness & Mutations

You cannot wear most types of armour.
You are amphibious.
You can wear up to eight rings at the same time.
((You can use your tentacles to constrict eight enemies at once.))
((Your skin changes colour to match your surroundings (Stealth).))
((Your rubbery body absorbs attacks (AC +1).))


Message History

The jelly jiggles.
You hear a distant slurping noise.
Your transformation is almost over.
You hear a distant slurping noise.
You hit the jelly.
The jelly is poisoned.
Your front legs burn!
The jelly is lightly wounded.
The jelly completely misses you.
You bite the jelly!
Your front legs burn!
The jelly is heavily wounded.
The jelly hits you.
You are splashed with acid!
The acid burns!
* * * LOW HITPOINT WARNING * * *
You hit the jelly but do no damage. The acid corrodes you!
Your front legs burn!
* * * LOW HITPOINT WARNING * * *
The jelly is heavily wounded.
You hit the jelly but do no damage.
Your front legs burn!
* * * LOW HITPOINT WARNING * * *
The jelly is heavily wounded.
The jelly hits you.
You die...

.#'##...'...#.##..#....
.#.##...#...#.##..#...# ##
.'......#...#+##..+...#..#
.#+##...#......#..#...'.
....#...#......#..#...####
#...+...#......#..#........
'...#...#......+...........
#...#+###......#J.#.......
#..............#s##.......
#..#......<............#+####
#..+...................+ ...
.#+#...................# #.#
.#.##+####.....##.#...####.######
.'..+....'............+......+..'
.#.##....#.....#..#...#......#..#
##.##....#.....#..#...#......#..#
...##.##.#.....#'##...#'##'###.##


You could see a jelly.

Vanquished Creatures
  A giant frog (D:4)
  2 jellies (D:5)
  A crimson imp (D:4)
  Crazy Yiuf (D:2)
  An orc priest (D:3)
  2 iguanas (D:4)
  Jessica (D:2)
  4 worker ants
  A hound zombie (D:4)
  A hound skeleton (D:4)
  An adder (D:4)
  An ooze (D:3)
  2 worms
  7 orcs
  3 ball pythons
  7 giant cockroaches
  7 goblins
  7 hobgoblins
  10 jackals
  3 quokkas
  10 bats
  A giant gecko (D:1)
  A giant gecko skeleton (D:3)
  3 giant newts (D:1)
  A jackal skeleton (D:4)
  8 kobolds
  15 rats
102 creatures vanquished.

Notes
Turn   | Place    | Note
--------------------------------------------------------------
     0 | D:1      | Hanyuu the Octopode Transmuter began the quest for the Orb.
     0 | D:1      | Reached XP level 1. HP: 13/13 MP: 3/3
     2 | D:1      | Noticed a draconian
     4 | D:1      | Noticed a formicid
     4 | D:1      | Noticed a naga
     6 | D:1      | Noticed a troll
     6 | D:1      | Noticed a minotaur
     8 | D:1      | Noticed a demigod
     8 | D:1      | Noticed a spriggan
    10 | D:1      | Noticed an ogre
    10 | D:1      | Noticed a vine stalker
    12 | D:1      | Noticed a dwarf
    12 | D:1      | Noticed a human
    14 | D:1      | Noticed a vampire
    14 | D:1      | Noticed a ghoul
    16 | D:1      | Noticed an octopode
    16 | D:1      | Noticed a tengu
    18 | D:1      | Noticed a demonspawn
    20 | D:1      | Noticed a gargoyle
    22 | D:1      | Noticed a centaur
    22 | D:1      | Noticed an elf
    24 | D:1      | Noticed a felid
    26 | D:1      | Noticed a merfolk
   232 | D:1      | Reached XP level 2. HP: 13/18 MP: 5/5
   623 | D:1      | Reached skill level 4 in Unarmed Combat
   775 | D:1      | Reached XP level 3. HP: 16/23 MP: 6/6
   779 | D:1      | Learned a level 2 spell: Sticks to Snakes
   783 | D:1      | Learned a level 3 spell: Spider Form
  1461 | D:2      | Noticed Crazy Yiuf
  1468 | D:2      | Killed Crazy Yiuf
  1468 | D:2      | Reached skill level 1 in Poison Magic
  1468 | D:2      | Reached XP level 4. HP: 28/28 MP: 1/7
  1573 | D:2      | Found a white marble altar of Elyvilon.
  1620 | D:2      | Noticed Jessica
  1628 | D:2      | Killed Jessica
  1924 | D:3      | Reached skill level 5 in Unarmed Combat
  1934 | D:3      | Found an iron altar of Okawaru.
  2460 | D:3      | Noticed a moth of wrath
  2463 | D:3      | Found a bloodstained altar of Trog.
  2556 | D:3      | Reached XP level 5. HP: 24/33 MP: 4/8
  3216 | D:3      | Found a stormy altar of Qazlal.
  3452 | D:4      | Reached XP level 6. HP: 32/40 MP: 2/9
  3462 | D:4      | Reached skill level 6 in Unarmed Combat
  3650 | D:4      | Found a shattered altar of Ashenzari.
  3697 | D:4      | Found an ancient bone altar of Kikubaaqudgha.
  4090 | D:4      | Found a staircase to the Ecumenical Temple.
  4096 | Temple   | Entered the Ecumenical Temple
  4335 | D:4      | Reached XP level 7. HP: 41/46 MP: 6/10
  4403 | D:5      | Entered Level 5 of the Dungeon
  4664 | D:5      | Reached skill level 7 in Unarmed Combat
  4736 | D:5      | HP: 2/46 [acid (3)]
  4736 | D:5      | Slain by a jelly

Vault maps used:
D:1:      kb_arrival_jail
D:2:      elyvilon_altar_4, first_bread, kennysheep_generic_room_11,
          uniq_crazy_yiuf_cottage, uniq_jessica
D:3:      tgw_trog, nicolae_overflow_hidden_temple, minmay_hedge_maze,
          okawaru_trees_1
D:4:      nicolae_ashenzari_panopticon, lemuel_doored_altar,
          minmay_temple_entry_fiery, kennysheep_decorative_pillar
D:5:      nemelex_deck, uniq_edmund
Temple:   circular_temple_6

Action                   |  1- 3 |  4- 6 |  7- 9 || total
-------------------------+-------+-------+-------++-------
Melee: Unarmed           |    82 |   148 |    17 ||   247
Throw: Tomahawk          |       |     4 |     1 ||     5
 Cast: Beastly Appendage |     3 |       |       ||     3
       Spider Form       |     2 |    12 |     1 ||    15
 Abil: End Transformatio |       |       |     1 ||     1
Evoke: Wand              |       |     1 |       ||     1
  Use: Scroll            |       |     3 |     6 ||     9
       Potion            |       |     1 |     2 ||     3
 Stab: Sleeping          |     2 |     7 |     1 ||    10
  Eat: Chunk             |     2 |     4 |     2 ||     8
       Meat ration       |       |     1 |       ||     1
       Beef jerky        |       |     1 |       ||     1
